 Dungeon Crawl Stone Soup version 0.28-a0-1545-g945cd3f27e (webtiles) character file.

Game seed: 8464080061073634795

18 BritishOli the Skirmisher (level 2, 0/24 HPs)
             Began as a Demonspawn Monk on Jan 18, 2022.
             Slain by a quokka (2 damage)
             ... on level 1 of the Dungeon.
             The game lasted 00:00:24 (766 turns).

BritishOli the Skirmisher (Demonspawn Monk)          Turns: 766, Time: 00:00:25

Health: 0/24       AC:  2    Str: 11    XL:     2   Next: 48%
Magic:  2/2        EV: 13    Int: 11    God:
Gold:   14         SH:  0    Dex: 15    Spells: 1/1 levels left

rFire   . . .      SeeInvis .   a - +0 falchion
rCold   . . .      Faith    .   (no shield)
rNeg    . . .      Spirit   .   b - +0 robe
rPois   .          Reflect  .   (no helmet)
rElec   .          Harm     .   (no cloak)
rCorr   .          Rampage  .   (no gloves)
Will    .....                   (no boots)
Stlth   ++........              (no amulet)
HPRegen 0.08/turn               (no ring)
MPRegen 0.08/turn               (no ring)

@: no status effects
A: claws 1
a: no special abilities


You were on level 1 of the Dungeon.
You visited 1 branch of the dungeon, and saw 1 of its levels.

You collected 14 gold pieces.

Inventory:

Hand Weapons
 a - a +0 falchion (weapon)
Armour
 b - a +0 robe (worn)
Scrolls
 d - a scroll of identify {unknown}
 e - a scroll of brand weapon {unknown}
Potions
 c - a potion of attraction {unknown}


   Skills:
 + Level 3.2 Fighting
 + Level 2.9 Long Blades
 + Level 2.9 Dodging
 + Level 2.1 Stealth


You had one spell level left.
You didn't know any spells.
Your spell library was empty.

Dungeon Overview and Level Annotations

Branches:
Dungeon (1/15)

Altars:


Innate Abilities, Weirdness & Mutations

You have sharp fingernails.


Message History

The hobgoblin hits you. The quokka bites you.
There are monsters nearby!
You hit the hobgoblin.
The hobgoblin is severely wounded.
The hobgoblin closely misses you. The quokka bites you.
There are monsters nearby!
You closely miss the hobgoblin.
The hobgoblin is severely wounded.
The hobgoblin hits you. The quokka bites you.
There are monsters nearby!
You are too injured to fight recklessly!
There are monsters nearby!
You are too injured to fight recklessly!
There are monsters nearby!
There are monsters nearby!
You are too injured to fight recklessly!
There are monsters nearby!
You are too injured to fight recklessly!
You closely miss the hobgoblin.
The hobgoblin is severely wounded.
The quokka closely misses you. The hobgoblin hits you.
* * * LOW HITPOINT WARNING * * *
The quokka bites you.
* * * LOW HITPOINT WARNING * * *
The hobgoblin barely misses you.
There is an open door here.
You barely miss the quokka. The quokka closely misses you.
The quokka bites you.
* * * LOW HITPOINT WARNING * * *
You closely miss the quokka. The quokka closely misses you.
You closely miss the quokka. The quokka barely misses you.
You hit the quokka.
The quokka is heavily wounded.
The quokka bites you.
* * * LOW HITPOINT WARNING * * *
The quokka barely misses you.
You closely miss the quokka.
The quokka is heavily wounded.
The quokka bites you.
You die...

#....####.........#
#.......+.........+
#....####.........# ##.#.##
#.......# #..### #.....#
#.## #...# #.# ##g## #.#
#r# #.# #@# #.# ##.## #.#
#####...##
#.#######.##.....#
#....)...#.##...#########.#
#######.###.##.#...)......#
##.#.#####.##########
##........# ##########


You could see a quokka and a hobgoblin.

Vanquished Creatures
  A bat (D:1)
  4 endoplasms (D:1)
  A goblin (D:1)
  2 hobgoblins (D:1)
  3 frilled lizards (D:1)
  5 kobolds (D:1)
16 creatures vanquished.

Notes
Turn   | Place    | Note
-------+----------+-------------------------------------------
     0 | D:1      | BritishOli the Demonspawn Monk began the quest for the Orb.
     0 | D:1      | Reached XP level 1. HP: 18/18 MP: 1/1
   234 | D:1      | Gained mutation: You have sharp fingernails. [demonic
                  | ancestry]
   234 | D:1      | Reached XP level 2. HP: 12/24 MP: 2/2
   766 | D:1      | Slain by a quokka

Illustrated notes

Levels and vault maps discovered:
D:1:      psy_arrival_dodecagon, layout_loops_corners,
          shapermc_ecumenical_altar_notcrosses

Skill      XL: |  1 |
---------------+----+-----
Stealth        | 2 |  2.1
Fighting       | |  3.2
Long Blades    | |  2.9
Dodging        | |  2.9

Action                   || total
-------------------------++-------
Melee: Falchion          ||    52
 Stab: Sleeping          ||     3
Armor: Robe              ||     5
Dodge: Dodged            ||    37

Table legend: (Time is in decaauts)
 A = Elapsed time spent in this place.
 B = Non-inter-level travel time spent in this place.
 C = Inter-level travel time spent in this place.
 D = Time resting spent in this place.
 E = Time spent auto-exploring this place.
 F = Levels seen in this place.
 G = Mean time per level.
                   A        B        C        D        E       F      G
               +--------+--------+--------+--------+--------+-----+--------+
         Total |    773 |    773 |      0 |      0 |    647 |   1 |  773.0 |
       Dungeon |    773 |    773 |      0 |      0 |    647 |   1 |  773.0 |
               +--------+--------+--------+--------+--------+-----+--------+

Top non-repeatable levels by time:
     D:1: 773 daAuts
